 Dungeon Crawl Stone Soup version 0.27.1-34-g3ba077fa99 (webtiles) character file.

Game seed: 2620507668973865706

100 Cykl0x the Slasher (level 4, 0/27 HPs)
             Began as a Gargoyle Gladiator on Jan 4, 2022.
             Slain by Crazy Yiuf (3 damage)
             ... while paralysed by Crazy Yiuf
             ... on level 2 of the Dungeon.
             The game lasted 00:02:18 (1978 turns).

Cykl0x the Slasher (Gargoyle Gladiator)             Turns: 1978, Time: 00:02:18

Health: 0/27       AC: 11    Str: 19    XL:     4   Next: 73%
Magic:  6/14       EV:  2    Int:  8    God:
Gold:   46         SH:  0    Dex: 11    Spells: 5/5 levels left

rFire    . . .     SeeInvis .   a - +0 long sword
rCold    . . .     Faith    .   (no shield)
rNeg     + . .     Spirit   .   i - +0 scale mail
rPois    ∞         Reflect  .   c - +0 helmet
rElec    +         Harm     .   (no cloak)
rCorr    .         Rampage  .   (no gloves)
Will     .....                  (no boots)
Stlth    ..........             (no amulet)
HPRegen  0.09/turn              j - ring of magical power
MPRegen  0.14/turn              (no ring)

@: paralysed
A: sickness immunity, AC +3, negative energy resistance 1, electricity
resistance, torment resistance 1, petrification resistance
a: no special abilities


You were on level 2 of the Dungeon.
You visited 1 branch of the dungeon, and saw 2 of its levels.

You collected 46 gold pieces.

Inventory:

Hand Weapons
 a - a +0 long sword (weapon)
 h - a +1 short sword of draining
Missiles
 g - 79 stones (quivered)
Armour
 b - a +0 leather armour
 c - a +0 helmet (worn)
 i - a +0 scale mail (worn)
Jewellery
 j - a ring of magical power (left hand)
Potions
 d - a potion of attraction
 e - 2 potions of brilliance
 f - a potion of flight


   Skills:
 + Level 2.3 Fighting
 + Level 3.5 Long Blades
 + Level 2.1 Throwing
 * Level 1.9 Armour
 + Level 2.7 Dodging
 * Level 1.1 Spellcasting


You had 5 spell levels left.
You didn't know any spells.
Your spell library was empty.

Dungeon Overview and Level Annotations

Branches:
Dungeon (2/15)

Altars:
Nemelex Xobeh

Annotations:
D:2 Crazy Yiuf


Innate Abilities, Weirdness & Mutations

You are immune to sickness and miasma.
Your stone body is resilient. (AC +3)
You are immune to poison.
You resist negative energy. (rN+)
You are resistant to electric shocks. (rElec)
You are resistant to unholy torment.
You are immune to petrification.


Message History

No target in view!
No target in view!
No target in view!
g - 78 stones (gained 1)
g - 79 stones (gained 1)
j - a ring of magical power
There is an open door here.
There is a stone staircase leading down here.
There is an open door here.
There is a stone staircase leading up here.
Crazy Yiuf shouts!
Could not explore, unopened runed door.
You feel your magic capacity increase.
j - a ring of magical power (left hand)
Press: ? - help, v - describe, . - travel
Here: Crazy Yiuf, wielding a +4 quarterstaff of chaos and wearing a +1 cloak of preservation (fire blocked by a runed translucent door)
The floor.
You open the door. You closely miss Crazy Yiuf.
Crazy Yiuf hits you with a +4 quarterstaff of chaos.
Crazy Yiuf burns you.
You hit Crazy Yiuf but do no damage.
Crazy Yiuf hits you with a +4 quarterstaff of chaos!
Crazy Yiuf freezes you.
* * * LOW HITPOINT WARNING * * *
You closely miss Crazy Yiuf.
Crazy Yiuf hits you with a +4 quarterstaff of chaos.
* * * LOW HITPOINT WARNING * * *
Crazy Yiuf burns you.
* * * LOW HITPOINT WARNING * * *
You slash Crazy Yiuf!
Crazy Yiuf is heavily wounded.
Crazy Yiuf hits you with a +4 quarterstaff of chaos.
* * * LOW HITPOINT WARNING * * *
You barely miss Crazy Yiuf.
Crazy Yiuf is heavily wounded.
Crazy Yiuf says, "Castle!
Peeping illywillydillykilly bag."
Crazy Yiuf hits you but does no damage.
You suddenly lose the ability to move!
Crazy Yiuf hits you with a +4 quarterstaff of chaos.
You die...

........# ##....###
#....######
##.........# #####
...........# #)..#
##........)# #...#
##.........# ...
..........># #g#
#.####.....# ♣@♣♣
#.# #.....# ♣♣.♣ #.#
#.....# ♣.♣♣ #.#
#.....# ♣♣.♣
#.####.....# ♣♣.♣♣
#....#.....# ♣♣...♣
#....#.....# ♣....♣
#....#.....# ##..##
#....#####.####....#


You could see Crazy Yiuf.

Vanquished Creatures
  Terence (D:2)
  3 adders (D:2)
  A worm (D:2)
  A dart slug (D:1)
  3 endoplasms (D:1)
  A giant cockroach (D:1)
  3 goblins
  2 hobgoblins
  4 jackals (D:1)
  2 quokkas (D:1)
  2 ball pythons (D:1)
  6 bats
  10 frilled lizards
  3 kobolds
  3 rats (D:1)
45 creatures vanquished.

Vanquished Creatures (others)
  11 plants (D:1)
11 creatures vanquished.

Grand Total: 56 creatures vanquished

Notes
Turn   | Place    | Note
-------+----------+-------------------------------------------
     0 | D:1      | Cykl0x the Gargoyle Gladiator began the quest for the Orb.
     0 | D:1      | Reached XP level 1. HP: 12/12 MP: 1/1
   180 | D:1      | Reached XP level 2. HP: 17/17 MP: 2/2
   214 | D:1      | Found a faded altar of an unknown god.
   236 | D:1      | Reached skill level 3 in Long Blades
   467 | D:1      | Reached XP level 3. HP: 19/21 MP: 3/3
   573 | D:1      | Reached skill level 1 in Armour
  1279 | D:2      | Reached XP level 4. HP: 21/26 MP: 5/5
  1373 | D:2      | Reached skill level 1 in Spellcasting
  1450 | D:2      | Found a sparkling altar of Nemelex Xobeh.
  1450 | D:2      | Noticed Terence
  1486 | D:2      | Killed Terence
  1748 | D:2      | Found a runed translucent door.
  1749 | D:2      | Noticed Crazy Yiuf
  1978 | D:2      | Paralysed by Crazy Yiuf for 3 turns
  1978 | D:2      | Slain by Crazy Yiuf

Illustrated notes

Levels and vault maps discovered:
D:1:      tarquinn_simple_flora_water_a, layout_loops_ring,
          ebering_ecumenical_altar_rust, minmay_lizard_king
D:2:      layout_basic, basic_altar, uniq_terence, uniq_crazy_yiuf_cottage

Skill      XL: |  1  2  3  4 |
---------------+-------------+-----
Long Blades    | 3 |  3.5
Armour         | 1 |  1.9
Throwing       | 2 |  2.1
Spellcasting   | 1 |  1.1
Fighting       | |  2.3
Dodging        | |  2.7

Action                   |  1- 3 |  4- 6 || total
-------------------------+-------+-------++-------
Melee: Long sword        |    69 |    36 ||   105
Throw: Throwing net      |     5 |       ||     5
       Stone             |    30 |     4 ||    34
  Use: Scroll            |     6 |       ||     6
Armor: Leather armour    |    29 |     1 ||    30
       Scale mail        |       |     7 ||     7
Dodge: Dodged            |    52 |    22 ||    74
       Rpst.: Long sword |    19 |     4 ||    23
